 Dungeon Crawl Stone Soup version 0.23.2-40-g277498a001 (webtiles) character file.

Game seed: 11962881157545827695

10747 FishyPogo the Fighter (level 11, -1/105 HPs)
             Began as a Hill Orc Chaos Knight on Aug 14, 2019.
             Was a Plaything of Xom.
             Killed from afar by a battlesphere (3 damage)
             ... created by a tengu conjurer
             ... on level 11 of the Dungeon.
             The game lasted 00:50:29 (10014 turns).

FishyPogo the Fighter (Hill Orc Chaos Knight)      Turns: 10014, Time: 00:50:29

Health: -1/105     AC: 13    Str: 20    XL:     11   Next: 66%
Magic:  14/14      EV: 14    Int:  9    God:    Xom [....*.]
Gold:   997        SH:  9    Dex: 11    Spells: 9/10 levels left

rFire    + + .     SeeInvis .   a - +3 long sword
rCold    . . .     Gourm    .   O - +0 buckler
rNeg     + . .     Faith    .   i - +2 leather armour
rPois    +         Spirit   .   (helmet restricted)
rElec    +         Reflect  .   M - +2 cloak {rPois}
rCorr    .         Harm     .   m - +1 pair of gloves of Pevoh {rElec rF+ Str-2}
MR       ++...     Rnd*Rage +   A - +0 pair of boots
Stlth    +.........             x - necklace of Bloodlust {*Rage +Rage MR++ Int-3 Slay+6 *Curse} (curse)
HPRegen  0.27/turn              k - ring of protection from fire
MPRegen  0.14/turn              z - ring of positive energy

@: berserk cooldown, very slightly contaminated, invisible
A: antennae 1, hooves 1, large bone plates 1, rugged brown scales 1, deformed
body, screaming 1, strong 2
a: Renounce Religion, Evoke Berserk Rage


You were on level 11 of the Dungeon.
You worshipped Xom.
You were a beloved toy of Xom.
You were very hungry.

You visited 1 branch of the dungeon, and saw 11 of its levels.
You also visited: Sewer and Ossuary.

You collected 997 gold pieces.

Inventory:

Hand Weapons
 a - a +3 long sword (weapon)
 b - a +4 flail of draining
Missiles
 e - 7 tomahawks (quivered)
 f - 300 stones
 J - 2 throwing nets
Armour
 i - a +2 leather armour (worn)
 m - the +1 pair of gloves of Pevoh (worn) {rElec rF+ Str-2}
   (You found it on level 5 of the Dungeon)

   It affects your strength (-2).
   It protects you from fire.
   It insulates you from electricity.
 o - a +0 robe of cold resistance
 y - a +0 shield
 A - a +0 pair of boots (worn)
 M - a +2 cloak of poison resistance (worn)
 O - a +0 buckler (worn)
Jewellery
 k - a ring of protection from fire (left hand)
 x - the cursed necklace of Bloodlust (around neck) {*Rage +Rage MR++ Int-3 Slay+6 *Curse}
   (Xom gifted it to you on level 4 of the Dungeon)

   [amulet of rage]

   It affects your intelligence (-3).
   It affects your accuracy and damage with ranged weapons and melee attacks
   (+6).
   It affects your resistance to hostile enchantments.
   It lets you go berserk.
   It may make you go berserk in combat.
   It curses itself when equipped.
   It has a curse placed upon it.
 z - a ring of positive energy (right hand)
 K - an uncursed amulet of rage {unknown}
Wands
 j - a wand of acid (8)
 B - a wand of disintegration (23)
 F - a wand of paralysis (10)
 G - a wand of clouds (10)
Scrolls
 g - 6 scrolls of teleportation
 h - a scroll of fear
 l - 4 scrolls of identify
 n - 2 scrolls of magic mapping
 r - 3 scrolls of enchant armour {unknown}
 s - 2 scrolls of immolation {unknown}
 t - 4 scrolls of enchant weapon
 v - 2 scrolls of blinking
 D - a scroll of amnesia {unknown}
 E - a scroll of remove curse {unknown}
 H - a scroll of silence
 I - a scroll of vulnerability {unknown}
Potions
 d - a potion of curing
 p - a potion of invisibility
 q - 2 potions of resistance
 u - a potion of flight
 N - a potion of berserk rage
Miscellaneous
 w - a lamp of fire
 C - a crystal ball of energy
Comestibles
 c - 15 rations


   Skills:
 * Level 11.1 Fighting
   Level 2.0(4.4) Short Blades
 - Level 6.9(7.1) Long Blades
 + Level 4.4 Maces & Flails
 - Level 3.0 Throwing
 + Level 9.9 Armour
 + Level 5.2 Dodging
 * Level 6.5 Shields
 + Level 5.2 Evocations


You had 9 spell levels left.
You knew the following spells:

 Your Spells              Type           Power        Failure   Level  Hunger
a - Confusing Touch       Hex            #.....       41%         1    ##.....

Your spell library contained the following spells:

 Spells                   Type           Power        Failure   Level  Hunger
 Beastly Appendage        Tmut           #.....       41%         1    ##.....
 Infusion                 Chrm           #...         41%         1    ##.....
 Song of Slaying          Chrm           #.......     56%         2    ###....
 Sticks to Snakes         Tmut           #.......     56%         2    ###....
 Throw Frost              Conj/Ice       #.....       56%         2    ###....
 Confuse                  Hex            #.......     80%         3    ####...
 Gell's Gravitas          Tloc           #.........   80%         3    ####...
 Spider Form              Tmut/Pois      #.........   80%         3    ####...
 Force Lance              Conj/Tloc      #.......     99%         4    #####..
 Ice Form                 Ice/Tmut       #.......     99%         4    #####..
 Petrify                  Tmut/Erth      #.......     99%         4    #####..
 Blade Hands              Tmut           #.........   100%        5    ######.
 Irradiate                Conj/Tmut      #.........   100%        5    ######.
 Metabolic Englaciation   Hex/Ice        #.........   100%        5    ######.
 Yara's Violent Unravell  Hex/Tmut       #.........   100%        5    ######.
 Bolt of Cold             Conj/Ice       #.........   100%        6    #######


Dungeon Overview and Level Annotations

Branches:
Dungeon (11/15)            Temple (0/1) D:5             Orc (0/2) D:9
   Lair: D:8-11

Altars:
Elyvilon
Gozag
Qazlal
Ru
Vehumet
Xom
Zin

Shops:
D:7 (

Annotations:
D:4 exclusion: statue


Innate Abilities, Weirdness & Mutations

You have a pair of small antennae on your head.
You have large cloven feet.
You are partially covered in large bone plates. (SH +4)
You are partially covered in rugged brown scales. (AC +1, +3% HP)
Armour fits poorly on your strangely shaped body.
You occasionally shout uncontrollably at your foes.
Your muscles are very strong. (Str +4)


Message History

You closely miss the tengu conjurer.
The tengu conjurer is severely wounded.
The rakshasa blinks!
The tengu conjurer misses you.
You riposte.
You miss the tengu conjurer.
The tengu conjurer is severely wounded.
You block the tengu conjurer's attack.
The tengu conjurer claws you but does no damage.
You slash the tengu conjurer!
You kill the tengu conjurer! "See what I see, my child!"
You feel aware of your surroundings.
A hound zombie comes into view.
You shout at the hound zombie!
You hear two shouts!
The tengu conjurer points at you and mumbles some strange words.
The bolt of lightning hits you! You resist.
* * * LOW HITPOINT WARNING * * *
The battlesphere fires!
The barrage of energy hits you.
You die...
Xom snickers!

*,* *,* *, .#..#....##........
*,* *,* * ,,,#.....#..#.(...[..
*,* *,* * ,,,#.##...........$..
*,* * * *#....#............ * **
# ########.###..#..#....... *
,###.#.........<..#...#..(....
***,......#####...###..#.#..##..#
,,, * ,*#.!......#...Z##.#.## ..#
*,,,*,*#.......@..#####.#.#*,,.#
, ,,, #.........##****,#.., , # *
* * * #####...Q## ,,,,,, ,,,,,*
*,,,*, ,#...#..R.# *,,,,,,, ,,,**
* ',,,#...#*...# *,,,, ,,,,,*
*,,,*,, #...#Q...# *,,, ,,,,,, *
' ** *##'##*#### *,, ,,,,,,,,
*,,,*,,,#...#.# *,, ,, ,,,, * *
',,,#...R.# * ,,,,,,,,


You could see a rakshasa, 2 tengu conjurers, 2 battlespheres and a hound zombie
(wandering).

Vanquished Creatures
  An unseen horror (D:10)
  A mana viper (shapeshifter) (D:9)
  A deep elf mage (D:9)
  2 cyclopes
  Maurice (D:10)
  2 tengu conjurers (D:11)
  2 hippogriffs
  Sigmund (D:3)
  11 yaks (D:9)
  A hog (shapeshifter) (D:7)
  2 vampire mosquitoes (D:11)
  Menkaure (D:7)
  An eye of draining (D:10)
  6 orc warriors
  5 sky beasts
  A hornet zombie (D:7)
  A phantom (D:6)
  2 ice beasts
  4 ogres
  5 centaurs
  A crocodile (Sewer)
  2 big kobolds
  4 bullfrogs
  3 scorpions
  5 killer bees (D:8)
  5 wights (D:9)
  2 howler monkeys
  A centaur zombie (D:6)
  4 crimson imps
  4 hounds
  5 orc priests
  Crazy Yiuf (D:6)
  5 bullfrog skeletons
  2 centaur skeletons
  7 jellies
  A gnoll shaman (D:3)
  10 orc wizards
  10 worker ants
  A killer bee zombie (D:7)
  A big kobold zombie (Ossuary)
  A hound zombie (D:8)
  4 mummies (Ossuary)
  3 worker ant zombies
  12 adders
  8 gnolls
  A river rat (D:6)
  3 shadow imps
  An adder zombie (D:8)
  5 worms
  2 dart slugs
  8 leopard geckos
  36 orcs
  A ball python (D:1)
  8 giant cockroaches
  2 gnoll zombies (Ossuary)
  5 goblins
  9 hobgoblins
  4 jackals
  7 quokkas
  22 bats
  2 frilled lizards (D:2)
  2 goblin zombies
  2 hobgoblin zombies (Ossuary)
  16 kobolds
  A kobold zombie (Ossuary)
  4 orc zombies (Ossuary)
  A quokka skeleton (D:7)
  A quokka zombie (D:4)
  9 rats
  A rat zombie (Ossuary)
306 creatures vanquished.

Vanquished Creatures (collateral kills)
  A hungry ghost (D:9)
  An ogre (D:9)
  7 orcs (D:9)
  3 kobolds (D:10)
12 creatures vanquished.

Vanquished Creatures (others)
  An adder (D:2)
1 creature vanquished.

Grand Total: 319 creatures vanquished

Notes
Turn   | Place    | Note
-------+----------+-------------------------------------------
     0 | D:1      | FishyPogo the Hill Orc Chaos Knight began the quest for the
                  | Orb.
     0 | D:1      | Reached XP level 1. HP: 19/19 MP: 1/1
    90 | D:1      | XOM: potion effect (haste)
   180 | D:1      | Reached XP level 2. HP: 27/27 MP: 2/2
   242 | D:1      | Reached skill level 4 in Fighting
   337 | D:1      | Reached skill level 1 in Dodging
   519 | D:1      | Reached XP level 3. HP: 33/33 MP: 3/3
   519 | D:1      | XOM: harmless Summ miscast
   685 | D:1      | XOM: harmless Erth miscast
   761 | D:2      | Found a shimmering altar of Xom.
   769 | D:2      | XOM: smoke on damage
   802 | D:2      | Learned a level 1 spell: Confusing Touch
   917 | D:2      | Reached XP level 4. HP: 41/41 MP: 4/4
  1005 | D:2      | XOM: god gift: pair of gloves {god gift}
  1008 | D:2      | Reached skill level 1 in Throwing
  1180 | D:2      | XOM is BORED!
  1418 | D:2      | XOM: give mutations
  1418 | D:2      | Gained mutation: You have a pair of small antennae on your
                  | head. [Xom's grace]
  1418 | D:2      | Gained mutation: Your muscles are strong. (Str +2) [Xom's
                  | grace]
  1691 | D:2      | XOM: god gift: shortbow {god gift}
  1738 | D:3      | Reached XP level 5. HP: 46/47 MP: 5/5
  1831 | D:2      | XOM: silly message
  1933 | D:3      | Reached skill level 1 in Short Blades
  1976 | D:3      | XOM: harmless Tloc miscast
  2115 | D:3      | Reached skill level 5 in Fighting
  2166 | D:3      | XOM: harmless Air miscast
  2209 | D:3      | Found an opulent altar of Gozag.
  2251 | D:3      | XOM: butterfly on damage
  2409 | D:3      | Noticed Sigmund
  2432 | D:3      | XOM: potion effect (invisibility)
  2459 | D:3      | Killed Sigmund
  2459 | D:3      | Reached XP level 6. HP: 56/56 MP: 6/6
  2487 | D:3      | Found a glowing silver altar of Zin.
  2553 | D:3      | XOM: noise
  2714 | D:4      | XOM: silly message
  2726 | D:4      | Found a sand-covered staircase.
  2740 | Ossuary  | Entered an ossuary
  2848 | Ossuary  | XOM: cloud trail
  2868 | Ossuary  | XOM: confuse monster(s)
  3129 | Ossuary  | XOM: 1-stop teleportation journey
  3136 | Ossuary  | Reached XP level 7. HP: 57/62 MP: 7/7
  3317 | D:4      | Reached skill level 6 in Fighting
  3381 | D:4      | XOM: god gift: necklace of Bloodlust {*Rage +Rage MR++
                  | Int-3 Slay+6 *Curse}
  3382 | D:4      | Found the necklace of Bloodlust {*Rage +Rage MR++ Int-3
                  | Slay+6 *Curse}
  3396 | D:4      | XOM: 5-stop teleportation journey
  3428 | D:4      | Reached skill level 5 in Armour
  3500 | D:4      | Found a radiant altar of Vehumet.
  3731 | D:5      | Entered Level 5 of the Dungeon
  3734 | D:5      | XOM: god gift: lamp of fire
  3752 | D:5      | Got a pair of twisted gloves
  3763 | D:5      | Identified the +1 pair of gloves of Pevoh {rElec rF+ Str-2}
                  | (You found it on level 5 of the Dungeon)
  3821 | D:5      | Found a sacrificial altar of Ru.
  3866 | D:5      | XOM: god gift: 22 stones
  3938 | D:5      | Found a staircase to the Ecumenical Temple.
  4023 | D:5      | XOM: divination: magic mapping
  4085 | D:5      | XOM: cloud trail
  4238 | D:5      | Reached XP level 8. HP: 71/71 MP: 8/8
  4416 | D:6      | XOM: god gift: 32 gold pieces
  4584 | D:6      | Reached skill level 1 in Evocations
  4602 | D:6      | Found a white marble altar of Elyvilon.
  4652 | D:6      | Reached skill level 5 in Long Blades
  4848 | D:6      | Reached skill level 7 in Fighting
  4858 | D:6      | Found a glowing drain.
  4867 | Sewer    | Entered a sewer
  5020 | D:6      | XOM: fog
  5064 | D:6      | XOM: give mutations
  5064 | D:6      | Gained mutation: You are partially covered in rugged brown
                  | scales. (AC +1, +3% HP) [Xom's grace]
  5064 | D:6      | Gained mutation: Your muscles are very strong. (Str +4)
                  | [Xom's grace]
  5253 | D:6      | Found a runed translucent door.
  5254 | D:6      | Noticed Crazy Yiuf
  5313 | D:6      | Killed Crazy Yiuf
  5390 | D:6      | XOM: god gift: box of beasts
  5397 | D:6      | XOM: give mutations
  5397 | D:6      | Gained mutation: You are partially covered in large bone
                  | plates. (SH +4) [Xom's grace]
  5397 | D:6      | Gained mutation: Your mind is acute. (Int +2) [Xom's grace]
  5537 | D:7      | XOM: polymorph water moccasin -> scorpion
  5608 | D:7      | Found Wuleclaweth's Antique Weapon Shop.
  5711 | D:7      | Found a runed translucent door.
  5751 | D:7      | Noticed Menkaure
  5758 | D:7      | Killed Menkaure
  5758 | D:7      | Reached XP level 9. HP: 47/82 MP: 10/10
  5903 | D:7      | XOM: polymorph hound -> shapeshifter
  5906 | D:7      | Reached skill level 8 in Fighting
  6008 | D:7      | Noticed a cyclops
  6012 | D:7      | XOM: harmless Necr miscast
  6132 | D:7      | XOM: noise
  6212 | D:7      | XOM: enchant monster (good)
  6240 | D:7      | Killed a cyclops
  6388 | D:7      | Identified the Reference Book on Lucky Attacks
  6553 | D:8      | Reached skill level 1 in Shields
  6573 | D:8      | Reached skill level 1 in Maces & Flails
  6577 | D:8      | Reached skill level 9 in Fighting
  6666 | D:8      | Reached XP level 10. HP: 80/93 MP: 12/12
  6785 | D:8      | XOM: noise
  6786 | D:8      | XOM: cast spell 'Shadow Creatures'
  6854 | D:8      | Found a stormy altar of Qazlal.
  6949 | D:8      | XOM: cast spell 'Summon Mana Viper'
  7258 | D:9      | Found a staircase to the Orcish Mines.
  7272 | D:9      | XOM: summons friendly crimson imp
  7277 | D:9      | XOM: summons friendly white imp
  7446 | D:9      | XOM: god gift: 5 needles of sleeping
  7699 | D:9      | Noticed a glowing shapeshifter
  7699 | D:9      | a yak changed into a glowing shapeshifter
  7699 | D:9      | XOM: polymorph yak -> glowing shapeshifter
  7699 | D:9      | Noticed a mana viper
  7699 | D:9      | a glowing shapeshifter changed into a mana viper
  7701 | D:9      | XOM: silly message
  7702 | D:9      | Killed a mana viper
  7703 | D:9      | XOM: potion effect (curing)
  7712 | D:9      | XOM: potion effect (might)
  7714 | D:10     | Entered Level 10 of the Dungeon
  7723 | D:10     | Reached skill level 10 in Fighting
  7792 | D:9      | Noticed a cyclops
  7797 | D:9      | Killed a cyclops
  7797 | D:9      | Noticed a deep elf mage
  7800 | D:9      | Killed a deep elf mage
  7800 | D:9      | Reached skill level 5 in Shields
  7800 | D:9      | Reached XP level 11. HP: 103/103 MP: 14/14
  7824 | D:9      | XOM: smoke on damage
  7826 | D:9      | XOM: potion effect (heal wounds)
  7968 | D:9      | XOM: medium Tmut miscast
  8276 | D:9      | XOM: divination: magic mapping
  8345 | D:9      | XOM: potion effect (curing)
  8347 | D:9      | XOM: potion effect (invisibility)
  8363 | D:9      | XOM: potion effect (haste)
  8384 | D:9      | XOM: confusion
  8402 | D:9      | Reached skill level 5 in Dodging
  8497 | D:10     | Noticed Maurice
  8522 | D:10     | Killed Maurice
  8836 | D:10     | Killed an unseen horror
  8836 | D:10     | Reached skill level 5 in Evocations
  9043 | D:10     | XOM: torment (59/104 hp)
  9335 | D:10     | Reached skill level 11 in Fighting
  9358 | D:10     | XOM: 1-stop teleportation journey
  9506 | D:10     | XOM: give mutations
  9506 | D:10     | Gained mutation: You have large cloven feet. [Xom's
                  | mischief]
  9506 | D:10     | Gained mutation: You occasionally shout uncontrollably at
                  | your foes. [Xom's mischief]
  9506 | D:10     | Gained mutation: Armour fits poorly on your strangely
                  | shaped body. [Xom's mischief]
  9506 | D:10     | Lost mutation: Your mind is acute. (Int +2) [Xom's
                  | mischief]
  9681 | D:11     | Noticed a five-headed hydra
  9704 | D:11     | Noticed a death yak
  9705 | D:11     | XOM: 1-stop teleportation journey
  9720 | D:11     | Noticed a death yak
  9972 | D:11     | XOM: god gift: fuming pink potion {god gift}
  9984 | D:11     | Noticed a rakshasa
  9999 | D:11     | XOM: summons friendly shadow imp
 10009 | D:11     | XOM: divination: magic mapping
 10014 | D:11     | HP: 2/105 [tengu conjurer (illusionary)/bolt of lightning
                  | (8)]
 10014 | D:11     | Killed from afar by a battlesphere

Skill      XL: |  1  2  3  4  5  6  7  8  9 10 11 |
---------------+----------------------------------+-----
Fighting       | 4 5 6 7 9 10 11 | 11.1
Dodging        | 1 2 3 4 5 |  5.2
Armour         | 3 4 5 6 7 9 |  9.9
Throwing       | 1 2 3 |  3.0
Short Blades   | 1 2 |  2.0
Long Blades    | 4 6 |  6.9
Evocations     | 2 3 4 5 |  5.2
Shields        | 2 5 6 |  6.5
Maces & Flails | 1 3 4 |  4.4

Action                   |  1- 3 |  4- 6 |  7- 9 | 10-12 || total
-------------------------+-------+-------+-------+-------++-------
Melee: Falchion          |    73 |    46 |    42 |       ||   161
       Dagger            |       |   288 |       |       ||   288
       Long sword        |       |       |   168 |   293 ||   461
       Flail             |       |       |     8 |    21 ||    29
Throw: Stone             |     8 |    61 |    20 |       ||    89
       Tomahawk          |       |       |    15 |    13 ||    28
 Abil: Evoke Berserk Rag |       |       |     2 |     4 ||     6
Evoke: Sack of spiders   |       |       |       |    10 ||    10
       Lamp of fire      |       |       |       |     1 ||     1
       Box of beasts     |       |       |       |     1 ||     1
  Use: Potion            |       |     3 |     4 |     5 ||    12
       Scroll            |       |     4 |       |     6 ||    10
 Stab: Invisible         |       |     2 |       |     5 ||     7
       Confused          |       |     1 |       |       ||     1
  Eat: Chunk             |       |     7 |    14 |    14 ||    35
Armor: Leather armour    |    36 |   117 |    78 |    90 ||   321
       Skin              |       |    19 |       |       ||    19
Dodge: Dodged            |    60 |   163 |   135 |   168 ||   526
Block: Other             |       |       |    16 |    36 ||    52
       Shield            |       |       |       |    55 ||    55
       Buckler           |       |       |       |    16 ||    16
       Rpst.: Falchion   |    14 |     7 |     4 |       ||    25
       Long sword        |       |       |    38 |    37 ||    75
